 Dungeon Crawl Stone Soup version 0.27-a0-1612-gde56a17b89 (webtiles) character file.

Game seed: 13789891769248961356

821 mothramber the Cudgeller (level 7, -4/63 HPs)
             Began as a Minotaur Berserker on July 2, 2021.
             Was a Priest of Trog.
             Shot with an arrow by a centaur (6 damage)
             ... on level 4 of the Dungeon on July 22, 2021.
             The game lasted 00:33:05 (5365 turns).

mothramber the Cudgeller (Minotaur Berserker)       Turns: 5365, Time: 00:33:06

Health: -4/63      AC:  7    Str: 24    XL:     7   Next: 63%
Magic:  6/6        EV: 12    Int:  4    God:    Trog [***...]
Gold:   59         SH:  0    Dex:  9    Spells: 6/6 levels left

rFire    . . .     SeeInvis .   a - +0 mace (drain)
rCold    . . .     Faith    .   (no shield)
rNeg     . . .     Spirit   .   g - +1 leather armour
rPois    .         Reflect  .   (helmet restricted)
rElec    .         Harm     .   (no cloak)
rCorr    .         Rampage  .   n - +0 pair of gloves
Will     .....                  d - +0 pair of boots
Stlth    +.........             (no amulet)
HPRegen  0.20/turn              (no ring)
MPRegen  0.10/turn              (no ring)

@: no status effects
A: horns 2, retaliatory headbutt
a: Renounce Religion, Berserk, Trog's Hand


You were on level 4 of the Dungeon.
You worshipped Trog.
Trog was most pleased with you.
You visited 1 branch of the dungeon, and saw 4 of its levels.

You collected 59 gold pieces.

Inventory:

Hand Weapons
 a - a +0 mace of draining (weapon)
 j - a +0 dagger of venom
 k - a +0 vampiric whip
 o - a +0 short sword
Missiles
 f - 101 stones (quivered)
 h - 10 bolts
Armour
 b - a +0 animal skin
 c - a +0 robe
 d - a +0 pair of boots (worn)
 g - a +1 leather armour (worn)
 n - a +0 pair of gloves (worn)
Jewellery
 e - a ring of flight
 p - an amulet of magic regeneration
Scrolls
 i - a scroll of enchant armour
 m - a scroll of teleportation
 r - a scroll of identify
Potions
 l - 2 potions of curing
 q - a potion of might {unknown}
 s - 2 potions of heal wounds {unknown}


   Skills:
 + Level 6.1 Fighting
 + Level 7.3 Maces & Flails
 + Level 5.2 Armour
 + Level 4.0 Dodging
 + Level 1.2 Stealth


You had 6 spell levels left.
You didn't know any spells.
Your spell library was empty.

Dungeon Overview and Level Annotations

Branches:
Dungeon (4/15)             Temple (0/1) D:4

Altars:
Dithmenos
Trog
Uskayaw
The Shining One

Annotations:
D:4 3 runed translucent doors, Eustachio; atabob's ghost, amateur SpAK


Innate Abilities, Weirdness & Mutations

You have a pair of horns on your head.
You reflexively headbutt those who attack you in melee.


Message History

The puff of frost misses you.
You see here 16 gold pieces.
The centaur shoots an arrow.
The arrow hits you.
The centaur shoots an arrow.
The arrow hits you.
The white imp laughs crazily.
The white imp gestures at you. The puff of frost hits you!
The centaur shoots an arrow.
The arrow hits you!
* * * LOW HITPOINT WARNING * * *
Eustachio drinks a potion.
Eustachio flickers and vanishes!
Deactivating autopickup; reactivate with Ctrl-A.
The white imp gestures at you. The puff of frost misses you.
The centaur shoots an arrow.
The arrow misses you.
The centaur shoots an arrow.
The arrow barely misses you.
You barely miss the white imp. Your headbutt misses the white imp.
The white imp hits you.
* * * LOW HITPOINT WARNING * * *
The white imp freezes you.
* * * LOW HITPOINT WARNING * * *
You closely miss the white imp. The bat hits you but does no damage.
The white imp gestures at you. The puff of frost hits you!
* * * LOW HITPOINT WARNING * * *
The bat closely misses you. You furiously retaliate!
You headbutt the bat. The endoplasm barely misses you.
You sock the white imp!
The white imp is severely wounded.
The bat hits you but does no damage. The white imp closely misses you.
You furiously retaliate!
You headbutt the white imp.
You kill the white imp!
The centaur shoots an arrow.
The arrow hits you but does no damage.
The endoplasm hits you but does no damage.
You hear some strange, mumbled words.
The bat closely misses you. You furiously retaliate!
You headbutt the bat!
You kill the bat!
The bat's corpse disappears in a puff of smoke!
The centaur shoots an arrow.
The arrow barely misses you.
The centaur shoots an arrow.
The arrow hits you.
You die...

..# #....#.#.# #....
##.. ..# #..).#.#.#
#.... #..
..####....#.#.###
##>
..........#.....#
####
...#.#....#.....#
#...
.....######.....###
### #...
######.#.#.#.#.#...
..# ##...
#...........####.#
.....
##.#.#.#.#r#@J.$.#
##...
#..^....).ยงยง.##..#
#....
##.#[#.#.#c####.....
#.... #.....>...r..
#.##...# .....
##.#.#.#.#.#....#
...# #.#.#
#.......)...#.###
.... . #.
##.#!#.#.#.#..# .#.
# #...........### ..
##.#.#.#.#.##


You could see a centaur, an endoplasm and a rat (summoned).

Vanquished Creatures
  Sigmund (D:4)
  Edmund (D:4)
  A water moccasin (D:3)
  A scorpion (D:4)
  A water moccasin skeleton (D:4)
  A hound (D:4)
  A jelly (D:4)
  An orc priest (D:4)
  A gnoll shaman (D:3)
  An orc wizard (D:4)
  A hound skeleton (D:4)
  5 gnolls (D:3)
  3 adders
  2 worms
  2 dart slugs (D:2)
  14 orcs
  6 bats
  4 endoplasms
  A giant cockroach (D:2)
  5 goblins
  4 hobgoblins
  11 jackals
  11 kobolds
  2 quokkas
  5 ball pythons
  3 frilled lizards
  8 rats
97 creatures vanquished.

Vanquished Creatures (others)
  3 fungi (D:4)
  A plant (D:4)
4 creatures vanquished.

Grand Total: 101 creatures vanquished

Notes
Turn   | Place    | Note
-------+----------+-------------------------------------------
     0 | D:1      | mothramber the Minotaur Berserker began the quest for the
                  | Orb.
     0 | D:1      | Reached XP level 1. HP: 19/19 MP: 0/0
   412 | D:1      | Reached XP level 2. HP: 27/27 MP: 1/1
   605 | D:1      | Reached skill level 4 in Maces & Flails
  1281 | D:2      | Reached ** piety under Trog
  1282 | D:2      | Reached XP level 3. HP: 33/33 MP: 2/2
  1396 | D:2      | Found a faded altar of an unknown god.
  2617 | D:3      | Reached XP level 4. HP: 41/41 MP: 3/3
  2900 | D:3      | Noticed a water moccasin
  2907 | D:3      | Killed a water moccasin
  2908 | D:3      | Reached skill level 5 in Maces & Flails
  2908 | D:3      | Reached XP level 5. HP: 47/47 MP: 4/4
  3156 | D:3      | Found a hide-covered altar of Uskayaw.
  3248 | D:3      | Found a shadowy altar of Dithmenos.
  3666 | D:3      | Found a bloodstained altar of Trog.
  3666 | D:3      | Found a glowing golden altar of the Shining One.
  3798 | D:3      | Reached skill level 6 in Maces & Flails
  3800 | D:3      | Reached *** piety under Trog
  3806 | D:3      | Reached XP level 6. HP: 25/55 MP: 5/5
  4317 | D:4      | Found a staircase to the Ecumenical Temple.
  4381 | D:4      | Reached skill level 1 in Stealth
  4391 | D:4      | Reached skill level 5 in Fighting
  4562 | D:4      | Upgraded the game from 0.27-a0-1416-g941b2bd30b to
                  | 0.27-a0-1612-gde56a17b89
  4602 | D:4      | Found a runed translucent gate.
  4610 | D:4      | Found a runed translucent gate.
  4611 | D:4      | Found a runed translucent gate.
  4619 | D:4      | Noticed atabob's ghost (amateur SpAK)
  4862 | D:4      | Noticed Sigmund
  4871 | D:4      | Killed Sigmund
  4872 | D:4      | Reached skill level 7 in Maces & Flails
  4872 | D:4      | Reached XP level 7. HP: 48/62 MP: 6/6
  4952 | D:4      | Noticed Edmund
  4967 | D:4      | Killed Edmund
  5183 | D:4      | Reached skill level 5 in Armour
  5340 | D:4      | Noticed Eustachio
  5363 | D:4      | HP: 2/63 [white imp/puff of frost[Eustachio] (9)]
  5365 | D:4      | Shot with an arrow by a centaur

Illustrated notes

Levels and vault maps discovered:
D:1:      eino_arrival_water_star, layout_rooms, st_stairs_13
D:2:      layout_loops_corners, serial_aquarium, aquarium_bridge_straight
          [aquarium_subvault_bridge, aquarium_subvault_balcony,
          aquarium_subvault_bridge, aquarium_subvault_window],
          aquarium_bridge_square [aquarium_subvault_window,
          aquarium_subvault_wall, aquarium_subvault_bridge,
          aquarium_subvault_bridge], aquarium_window_fake, aquarium_window_1,
          aquarium_view_2b, aquarium_view_2c, aquarium_balcony_5a,
          aquarium_pool_2, chequers_ecumenical_altar_simple_redux
D:3:      layout_loops_corners, general_overflow_altar,
          nicolae_overflow_hidden_temple, gammafunk_temple_overflow_pools,
          st_stairs_7
D:4:      layout_basic, minmay_temple_entry_purple_smoke,
          gammafunk_ghost_nasty_kobolds, cheibrodos_sewer_entry_bend,
          fountainhead, st_stairs_11, hangedman_decor_riveting,
          sigmund_edmund_badplayer, uniq_eustachio

Skill      XL: |  1  2  3  4  5  6  7 |
---------------+----------------------+-----
Maces & Flails | 4 5 6 7 |  7.3
Fighting       | 4 5 6 |  6.1
Armour         | 3 4 5 |  5.2
Dodging        | 3 4 |  4.0
Stealth        | 1 |  1.2

Action                   |  1- 3 |  4- 6 |  7- 9 || total
-------------------------+-------+-------+-------++-------
Melee: Mace              |    84 |    87 |    32 ||   203
       Headbutt          |    14 |     9 |     5 ||    28
Throw: Stone             |       |     1 |       ||     1
Invok: Berserk           |     1 |     3 |       ||     4
  Use: Scroll            |     6 |     3 |       ||     9
Armor: Leather armour    |    23 |    30 |    12 ||    65
       Animal skin       |     2 |       |       ||     2
Dodge: Dodged            |    47 |    67 |    26 ||   140

Table legend: (Time is in decaauts)
 A = Elapsed time spent in this place.
 B = Non-inter-level travel time spent in this place.
 C = Inter-level travel time spent in this place.
 D = Time resting spent in this place.
 E = Time spent auto-exploring this place.
 F = Levels seen in this place.
 G = Mean time per level.
                   A        B        C        D        E       F      G
               +--------+--------+--------+--------+--------+-----+--------+
         Total |   5428 |   5365 |     63 |   1751 |   1981 |   4 | 1357.0 |
       Dungeon |   5428 |   5365 |     63 |   1751 |   1981 |   4 | 1357.0 |
               +--------+--------+--------+--------+--------+-----+--------+

Top non-repeatable levels by time:
     D:3: 2006 daAuts
     D:1: 1197 daAuts
     D:2: 1159 daAuts
     D:4: 1064 daAuts
